 Dungeon Crawl Stone Soup version 0.32-a0-411-g744942f433 (webtiles) character file.

Game seed: 15280061695592959659

67 BubbleThief the Sneak (level 3, -1/24 HPs)
             Began as a Vampire Enchanter on Feb 20, 2024.
             Slain by a quokka (3 damage)
             ... on level 2 of the Dungeon.
             The game lasted 00:01:04 (642 turns).

BubbleThief the Sneak (Vampire Enchanter)            Turns: 642, Time: 00:01:05

Health: -1/24      AC:  2    Str:  7    XL:     3   Next: 98%
Magic:  6/6        EV: 12    Int: 17    God:
Gold:   68         SH:  0    Dex: 16    Spells: 4/6 levels left

rFire   . . .        a - +1 dagger
rCold   . . .        (no shield)
rNeg    . . .        b - +0 robe
rPois   .            (no helmet)
rElec   .            (no cloak)
rCorr   .            (no gloves)
SInv    +            (no boots)
Will    .....        (no amulet)
Stlth   +++          d - ring of flight
HPRegen 0.44/turn    (no ring)
MPRegen 0.10/turn

%: no passive effects
@: flying, healing quickly
A: alive, fangs 3, see invisible, vampiric 2
a: Exsanguinate


You were on level 2 of the Dungeon.
You visited 1 branch of the dungeon, and saw 2 of its levels.

You collected 68 gold pieces.

Inventory:

Hand Weapons
 a - a +1 dagger (weapon)
Armour
 b - a +0 robe (worn)
Jewellery
 d - a ring of flight (left hand)
Scrolls
 e - a scroll of teleportation {unknown}
 f - a scroll of identify {unknown}
 g - a scroll of amnesia {unknown}
 i - a scroll of brand weapon {unknown}
 j - a scroll of fear {unknown}
 k - 2 scrolls of vulnerability {unknown}
Potions
 c - 2 potions of invisibility
 h - a potion of cancellation {unknown}
 l - a potion of attraction {unknown}
 m - a potion of might {unknown}


   Skills:
 + Level 2.6 Short Blades
 - Level 2.1 Dodging
 + Level 5.6 Stealth
 - Level 2.0 Spellcasting
 + Level 5.4 Hexes


You had 4 spell levels left.
You knew the following spells:

 Your Spells              Type           Power      Damage    Failure   Level
a - Ensorcelled Hibernat  Hex/Ice        20%        N/A       10%         2

Your spell library contained the following spells:

 Spells                   Type           Power      Damage    Failure   Level
 Confusing Touch          Hex            20%        N/A       6%          3
 Tukima's Dance           Hex            20%        N/A       6%          3
 Dazzling Flash           Conj/Hex       20%        N/A       19%         3


Dungeon Overview and Level Annotations

Branches:
Dungeon (2/15)

Altars:


Innate Abilities, Weirdness & Mutations

Your natural rate of healing is accelerated.
You have razor-sharp teeth.
You have supernaturally acute eyesight. (SInv)
You are afflicted with vampirism and can become a bat while bloodless.


Message History

The adder zombie is heavily damaged.
The adder zombie misses you. The quokka misses you.
You hit the adder zombie.
The adder zombie is severely damaged.
The adder zombie barely misses you. The quokka bites you.
You are too injured to fight recklessly!
You are too injured to fight recklessly!
You are too injured to fight recklessly!
You are too injured to fight recklessly!
You are too injured to fight recklessly!
You are too injured to fight recklessly!
You are too injured to fight recklessly!
You are too injured to fight recklessly!
You are too injured to fight recklessly!
You are too injured to fight recklessly!
You are too injured to fight recklessly!
You are too injured to fight recklessly!
You are too injured to fight recklessly!
You are too injured to fight recklessly!
You closely miss the quokka. The quokka completely misses you.
The adder zombie bites you but does no damage.
You hit the adder zombie.
The adder zombie is severely damaged.
The adder zombie bites you. The quokka bites you.
You barely miss the adder zombie.
The adder zombie is severely damaged.
The quokka barely misses you.
The adder zombie bites you but does no damage.
You hit the adder zombie.
You destroy the adder zombie!
The quokka bites you.
* * * LOW HITPOINT WARNING * * *
A rat comes into view.
The quokka bites you.
* * * LOW HITPOINT WARNING * * *
You barely miss the quokka. The quokka closely misses you.
You hit the quokka.
The quokka is heavily wounded.
The quokka bites you.
You die...

#### .:.#### ##......#
#.......# ####.......#
##..r........
##....@.......
#.............
#.............
#.......!..... #####
#.......[..... #(..#
#.......[..... #...#
#####............r
#...#
#.....~~~~........
#...###.###~~~~~~#<####


You could see a quokka and a rat (asleep).

Vanquished Creatures
  Natasha (D:2)
  2 adder zombies (D:2)
  An adder skeleton (D:2)
  A dart slug (D:1)
  A bat zombie (D:2)
  A giant cockroach (D:2)
  3 goblins
  2 hobgoblins (D:1)
  A quokka (D:1)
  A ball python (D:1)
  A frilled lizard (D:1)
  3 kobolds (D:1)
  A rat (D:2)
19 creatures vanquished.

Notes
Turn   | Place    | Note
-------+----------+-------------------------------------------
     0 | D:1      | BubbleThief the Vampire Enchanter began the quest for the
                  | Orb.
     0 | D:1      | Reached XP level 1. HP: 13/13 MP: 3/3
   144 | D:1      | Reached XP level 2. HP: 8/19 MP: 5/5
   388 | D:1      | Reached skill level 5 in Stealth
   510 | D:1      | Learned a level 2 spell: Ensorcelled Hibernation
   518 | D:2      | Noticed Natasha
   521 | D:2      | Killed Natasha
   522 | D:2      | Reached skill level 5 in Hexes
   522 | D:2      | Gained mutation: You are afflicted with vampirism and can
                  | become a bat while bloodless. [Vampire growth]
   522 | D:2      | Reached XP level 3. HP: 24/24 MP: 6/6
   640 | D:2      | HP: 1/24 [quokka (4)]
   642 | D:2      | Slain by a quokka

Illustrated notes

Levels and vault maps discovered:
D:1:      erik_arrival_orb_chamber, layout_basic, due_unseen_surprise
D:2:      minmay_evil_eye, layout_rooms, serial_undead, serial_undead_f,
          serial_undead_e, serial_undead_e, serial_undead_a, serial_undead_a,
          serial_undead_b, uniq_natasha

Skill      XL: |  1  2 |
---------------+-------+-----
Stealth        | 5 |  5.6
Short Blades   | 2 |  2.6
Hexes          | 5 |  5.4
Dodging        | |  2.1
Spellcasting   | |  2.0

Action                     || total
---------------------------++-------
  Melee: Dagger            ||    69
         Bite              ||     8
   Stab: Sleeping          ||     4
 Armour: Robe              ||    48
  Dodge: Dodged            ||    37

Table legend: (Time is in decaauts)
 A = Elapsed time spent in this place.
 B = Non-inter-level travel time spent in this place.
 C = Inter-level travel time spent in this place.
 D = Time resting spent in this place.
 E = Time spent auto-exploring this place.
 F = Levels seen in this place.
 G = Mean time per level.
                   A        B        C        D        E       F      G
               +--------+--------+--------+--------+--------+-----+--------+
         Total |    634 |    618 |     16 |      0 |    444 |   2 |  317.0 |
       Dungeon |    634 |    618 |     16 |      0 |    444 |   2 |  317.0 |
               +--------+--------+--------+--------+--------+-----+--------+

Top non-repeatable levels by time:
     D:1: 508 daAuts
     D:2: 125 daAuts
